 Dungeon Crawl Stone Soup version 0.28.0 (webtiles) character file.

Game seed: 16896250967566313442

1492 bande the Chopper (level 8, -2/49 HPs)
             Began as a Gargoyle Fighter on Feb 14, 2022.
             Was a Follower of Okawaru.
             Slain by Maggie (8 damage)
             ... on level 7 of the Dungeon.
             The game lasted 00:17:08 (7728 turns).

bande the Chopper (Gargoyle Fighter)                Turns: 7728, Time: 00:17:09

Health: -2/49      AC: 17    Str: 20    XL:     8   Next: 80%
Magic:  9/9        EV:  9    Int:  9    God:    Okawaru [*.....]
Gold:   258        SH:  5    Dex: 11    Spells: 7/7 levels left

rFire   . . .      SeeInvis .   a - +0 war axe
rCold   . . .      Faith    .   c - +0 buckler
rNeg    + . .      Spirit   .   b - +0 scale mail
rPois   ∞          Reflect  .   t - +0 helmet
rElec   +          Harm     .   l - +0 cloak
rCorr   +          Rampage  .   j - +0 pair of gloves
Will    .....                   (no boots)
Stlth   ..........              (no amulet)
HPRegen 0.16/turn               g - ring of resist corrosion
MPRegen 0.11/turn               h - ring of flight

@: mighty, flying, mesmerised
A: sickness immunity, AC +5, negative energy resistance 1, electricity
resistance, torment resistance 1, petrification resistance
a: Renounce Religion, Heroism


You were on level 7 of the Dungeon.
You worshipped Okawaru.
Okawaru was aware of your devotion.
You visited 2 branches of the dungeon, and saw 8 of its levels.

You collected 258 gold pieces.

Inventory:

Hand Weapons
 a - a +0 war axe (weapon)
 n - a +0 war axe
 r - a +0 flail
Armour
 b - a +0 scale mail (worn)
 c - a +0 buckler (worn)
 j - a +0 pair of gloves (worn)
 l - a +0 cloak (worn)
 t - a +0 helmet (worn)
 v - a +2 leather armour of cold resistance
Jewellery
 g - a ring of resist corrosion (left hand)
 h - a ring of flight (right hand)
 m - a ring of ice
Wands
 s - a wand of mindburst (19)
Scrolls
 f - 2 scrolls of teleportation
 p - a scroll of fear
 q - a scroll of fog
Potions
 d - a potion of might
 e - a potion of resistance
 i - a potion of haste
 k - a potion of cancellation
 o - 5 potions of heal wounds
 u - a potion of brilliance {unknown}


   Skills:
 + Level 5.3 Fighting
 + Level 7.0 Axes
 + Level 5.9 Armour
 + Level 5.0 Shields
 * Level 2.0 Invocations
 * Level 1.5 Evocations


You had 7 spell levels left.
You didn't know any spells.
Your spell library contained the following spells:

 Spells                   Type           Power      Damage    Failure   Level
 Beastly Appendage        Tmut           0%         N/A       80%         1
 Corpse Rot               Necr/Air       0%         N/A       91%         2
 Poisonous Vapours        Pois/Air       0%         N/A       91%         2
 Wereblood                Tmut           0%         N/A       91%         2
 Dazzling Flash           Conj/Hex       0%         N/A       99%         3
 Spider Form              Tmut/Pois      0%         N/A       99%         3
 Iskenderun's Mystic Bla  Conj/Tloc      0%         2d3       100%        4
 Starburst                Conj/Fire      0%         6d3       100%        6


Dungeon Overview and Level Annotations

Branches:
Dungeon (7/15)             Temple (1/1) D:6

Altars:
Ashenzari
Cheibriados
Dithmenos
Elyvilon
Fedhas
Gozag
Hepliaklqana
Kikubaaqudgha
Makhleb
Nemelex Xobeh
Okawaru
Ru
Sif Muna
Trog
Uskayaw
Vehumet
Wu Jian
Xom
Yredelemnul
Zin
The Shining One

Shops:
D:1 =   D:5 (

Annotations:
D:7 Maggie


Innate Abilities, Weirdness & Mutations

You are immune to sickness and miasma.
Your stone body is resilient. (AC +5)
You are immune to poison.
You resist negative energy. (rN+)
You are resistant to electric shocks. (rElec)
You are resistant to unholy torment.
You are immune to petrification.


Message History

You slash Maggie!
Maggie is moderately wounded.
You hit the gnoll but do no damage. Maggie hits you but does no damage.
The gnoll hits you but does no damage. The goblin hits you but does no damage.
You barely miss Maggie.
Maggie is moderately wounded.
You hit the gnoll. The goblin hits you but does no damage.
Maggie hits you with a +0 scimitar. The gnoll hits you but does no damage.
You block the goblin's attack.
You hit the gnoll.
The gnoll is severely wounded.
You barely miss Maggie. The goblin hits you but does no damage.
Maggie closely misses you. The gnoll hits you but does no damage.
A gnoll comes into view. It is wielding a +0 halberd.
The goblin closely misses you. The goblin hits you but does no damage.
Unknown command.
The gnoll shouts!
You hit the gnoll but do no damage.
The gnoll is severely wounded.
You slash Maggie! You block the gnoll sergeant's attack.
Maggie gestures wildly while chanting.
Maggie draws you further into her thrall.
The goblin hits you but does no damage.
The goblin hits you from afar with a +0 spear.
A gnoll comes into view. It is wielding a +0 spear.
The gnoll sergeant hits you from afar with a +0 trident.
Unknown command.
You feel very mighty all of a sudden.
The gnoll shouts!
Maggie hits you with a +0 scimitar!
* * * LOW HITPOINT WARNING * * *
The gnoll hits you but does no damage. The goblin closely misses you.
The goblin hits you but does no damage. The gnoll sergeant closely misses you.
You hit Maggie.
Maggie is heavily wounded.
You slash the gnoll!
You kill the gnoll!
Okawaru accepts your kill. Maggie hits you with a +0 scimitar!
You die...

≈# .≈# #####.≈#
##.....≈#
#......≈##
##...g# ≈≈≈
#.<...#....
#....g.....
#.)@.g.....
#......@......
.......g.......
...............
.......g..##...
..###...... ...
.. ..#g.... ..
...#....=.


You could see Maggie (mesmerising), a gnoll sergeant, 2 gnolls and 3 goblins.

Vanquished Creatures
  2 water moccasins (D:6)
  2 ice beasts (D:6)
  A black bear (D:6)
  A necrophage (D:6)
  A centaur (D:5)
  An ogre (D:6)
  A bullfrog (D:6)
  A scorpion (D:5)
  A bullfrog zombie (D:6)
  2 jellies
  2 hounds
  Crazy Yiuf (D:2)
  A bullfrog skeleton (D:5)
  A gnoll shaman (D:6)
  An iguana (D:6)
  2 orc wizards (D:5)
  10 gnolls
  10 adders
  An ufetubus (D:5)
  5 dart slugs
  15 orcs
  4 bats
  12 endoplasms
  6 giant cockroaches
  8 goblins
  7 hobgoblins
  6 jackals
  3 kobolds
  A quokka (D:1)
  11 ball pythons
  7 frilled lizards
  13 rats
140 creatures vanquished.

Vanquished Creatures (others)
  28 plants (D:3)
28 creatures vanquished.

Grand Total: 168 creatures vanquished

Notes
Turn   | Place    | Note
-------+----------+-------------------------------------------
     0 | D:1      | bande the Gargoyle Fighter began the quest for the Orb.
     0 | D:1      | Reached XP level 1. HP: 14/14 MP: 1/1
     1 | D:1      | Found a runed translucent door.
   104 | D:1      | Reached XP level 2. HP: 19/19 MP: 2/2
   251 | D:1      | Found Biarph's One-of-a-Kind Rings.
   583 | D:1      | Reached skill level 2 in Axes
   780 | D:1      | Reached XP level 3. HP: 14/23 MP: 3/3
  1271 | D:2      | Reached XP level 4. HP: 27/29 MP: 4/4
  1470 | D:2      | You are sucked into a shaft and drop 1 floor!
  1521 | D:3      | Found a glowing silver altar of Zin.
  1544 | D:3      | Found a radiant altar of Vehumet.
  1730 | D:3      | Reached skill level 3 in Axes
  2013 | D:2      | Reached XP level 5. HP: 22/33 MP: 5/5
  2480 | D:2      | Found a runed translucent door.
  2481 | D:2      | Noticed Crazy Yiuf
  2488 | D:2      | Killed Crazy Yiuf
  3141 | D:3      | Reached skill level 4 in Axes
  3433 | D:3      | Found an ornate altar of the Wu Jian Council.
  3439 | D:3      | Found a white marble altar of Elyvilon.
  3442 | D:3      | Found a sparkling altar of Nemelex Xobeh.
  3819 | D:4      | Reached XP level 6. HP: 36/38 MP: 6/6
  4351 | D:5      | Entered Level 5 of the Dungeon
  4610 | D:5      | Reached XP level 7. HP: 15/44 MP: 7/7
  4813 | D:5      | Found Huodwyso's Antique Weapon Shop.
  4897 | D:5      | Reached skill level 5 in Axes
  5528 | D:6      | Reached skill level 5 in Armour
  6055 | D:6      | Reached skill level 6 in Axes
  6055 | D:6      | Reached XP level 8. HP: 33/48 MP: 8/8
  6066 | D:6      | Reached skill level 5 in Fighting
  6406 | D:6      | Found a staircase to the Ecumenical Temple.
  6419 | Temple   | Entered the Ecumenical Temple
  6554 | Temple   | Became a worshipper of Warmaster Okawaru
  6849 | D:6      | Reached skill level 1 in Invocations
  6849 | D:6      | Reached skill level 1 in Evocations
  6938 | D:6      | Reached skill level 5 in Shields
  7456 | D:6      | Reached * piety under Okawaru
  7457 | D:6      | Reached skill level 7 in Axes
  7714 | D:7      | Noticed Maggie
  7728 | D:7      | Slain by Maggie

Illustrated notes

Levels and vault maps discovered:
D:1:      dpeg_arrival_caged_fury, layout_basic, nicolae_shop_unique_rings
D:2:      layout_rooms, grunt_ministairs_10, kennysheep_crisscross,
          uniq_crazy_yiuf_cottage
D:3:      layout_basic, mainiacjoe_overflow_six_doors_small,
          minmay_overflow_temple_star_quad, mainiacjoe_overflow_paths,
          serial_bayou, serial_bayou_lagoon_a, serial_bayou_lake_a,
          serial_bayou_shore_a, serial_bayou_pond_d
D:4:      layout_rooms, amethyst_killhole
D:5:      layout_cave_pools, serial_shops, nicolae_take_the_stairs
D:6:      layout_gridville, minmay_temple_entry_statues_pillars,
          grunt_decor_fettered, skrybe_limestone_x
D:7:      layout_cave_pools, ebering_ghost_reflecting_pool, enter_bailey_3,
          uniq_duvessa, uniq_pikel, uniq_maggie
Temple:   nicolae_temple_elliptical

Skill      XL: |  1  2  3  4  5  6  7  8 |
---------------+-------------------------+-----
Axes           | 2 3 4 6 7 |  7.0
Shields        | 4 5 |  5.0
Fighting       | 4 5 |  5.3
Armour         | 4 5 |  5.9
Invocations    | 2 |  2.0
Evocations     | 1 |  1.5

Action                   |  1- 3 |  4- 6 |  7- 9 || total
-------------------------+-------+-------+-------++-------
Melee: War axe           |    84 |   190 |   185 ||   459
  Use: Scroll            |       |    10 |     3 ||    13
       Potion            |       |       |     1 ||     1
Armor: Scale mail        |    67 |   116 |   146 ||   329
Dodge: Dodged            |    73 |   103 |    88 ||   264
Block: Buckler           |    41 |    44 |    49 ||   134
